 Seeded DCSS version 0.30-a0-879-ga8ba668304 (webtiles) character file.

Game seed: 3428853487130244560 (custom seed)

945 bmack86 the Chopper (level 7, -11/59 (62) HPs)
             Began as a Minotaur Fighter on Mar 13, 2023.
             Mangled by an orc warrior
             ... wielding a +0 glaive
              (16 damage)
             ... on level 6 of the Dungeon.
             The game lasted 00:10:00 (3965 turns).

bmack86 the Chopper (Minotaur Fighter)              Turns: 3965, Time: 00:10:02

HP:   -11/59 (62)   AC: 17    Str: 23    XL:     7   Next: 89%
MP:   2/2           EV:  9    Int:  5    God:
Gold: 38            SH:  5    Dex:  9    Spells: 6/6 levels left

rFire   . . .      SeeInvis .    l - +9 war axe (antimagic)
rCold   . . .      Faith    .    c - +0 buckler
rNeg    . . .      Spirit   .    b - +0 scale mail
rPois   .          Reflect  .    (helmet restricted)
rElec   .          Rampage  .    (no cloak)
rCorr   .                        p - +1 pair of gloves
Will    .....                    m - +2 pair of boots Stlth
                                 (no amulet)
HPRegen 0.29/turn                u - +4 ring of protection
MPRegen 0.08/turn                B - ring of flight

@: mighty, flying, lightly drained
A: horns 2, retaliatory headbutt
a: no special abilities


You were on level 6 of the Dungeon.
You visited 1 branch of the dungeon, and saw 6 of its levels.

You collected 497 gold pieces.
You spent 459 gold pieces at shops.

Inventory:

Hand Weapons
 a - a +0 war axe
 l - a +9 antimagic war axe (weapon)
Missiles
 z - 9 poisoned darts (quivered)
Armour
 b - a +0 scale mail (worn)
 c - a +0 buckler (worn)
 m - a +2 pair of boots (worn)
 p - a +1 pair of gloves (worn)
Jewellery
 e - a ring of magical power
 u - a +4 ring of protection (left hand)
 B - a ring of flight (right hand)
Wands
 y - a wand of roots (10)
Scrolls
 f - a scroll of blinking
 i - 7 scrolls of fog
 j - a scroll of fear {unknown}
 k - a scroll of noise {unknown}
 o - a scroll of amnesia {unknown}
 q - a scroll of immolation {unknown}
 w - 2 scrolls of poison {unknown}
 A - a scroll of identify
Potions
 d - a potion of might
 g - a potion of berserk rage
 h - 2 potions of curing
 n - 2 potions of magic
 r - a potion of invisibility
 s - a potion of heal wounds
 t - a potion of cancellation
 v - 2 potions of mutation
 x - a potion of lignification {unknown}


   Skills:
 + Level 5.9 Fighting
 * Level 7.0 Axes
 + Level 2.1 Throwing
 + Level 5.9 Armour
 + Level 5.9 Shields


You had 6 spell levels left.
You didn't know any spells.
Your spell library contained the following spells:

 Spells                   Type           Power      Damage    Failure   Level
 Necrotise                Necr           0%         1d4       85%         1
 Summon Small Mammal      Summ           0%         N/A       85%         1
 Sublimation of Blood     Necr           0%         N/A       94%         2
 Wereblood                Tmut           0%         N/A       94%         2
 Call Canine Familiar     Summ           0%         N/A       99%         3
 Gell's Gravitas          Tloc           0%         N/A       99%         3
 Summon Guardian Golem    Hex/Summ       0%         N/A       99%         3
 Teleport Other           Tloc           0%         N/A       99%         3
 Vhi's Electric Charge    Tloc/Air       0%         N/A       99%         3
 Agony                    Necr           0%         N/A       100%        5
 Arcjolt                  Conj/Air       0%         1d10      100%        5
 Dispersal                Tloc           0%         N/A       100%        6
 Starburst                Conj/Fire      0%         6d3       100%        6
 Summon Hydra             Summ           0%         N/A       100%        7
 Borgnjor's Revivificati  Necr           0%         N/A       100%        8
 Maxwell's Capacitive Co  Air            0%         ∞         100%        8


Dungeon Overview and Level Annotations

Branches:
Dungeon (6/15)
 Temple: D:4-7

Altars:
Yredelemnul

Shops:
D:1 (   D:4 *[*   D:5 *


Innate Abilities, Weirdness & Mutations

You have a pair of horns on your head.
You reflexively headbutt those who attack you in melee.


Message History

Your life force feels restored.
Your Throwing skill increases to level 2!
You barely miss the wight. You slash the wight!
The wight hits you but does no damage. The orc warrior closely misses you.
The orc wizard gestures wildly while chanting.
The orc wizard flickers and vanishes!
Deactivating autopickup; reactivate with Ctrl-A.
The wight hits you with a +1 long sword!
You feel drained.
The sky beast flickers out of sight!
You closely miss the wight. Your headbutt misses the wight. You hit the wight.
The wight hits you but does no damage. The orc warrior barely misses you.
The wight hits you with a +1 long sword.
You feel drained.
Unknown command.
You slash the wight! Your headbutt misses the wight.
The wight is heavily damaged.
You barely miss the wight.
The wight hits you with a +3 morningstar of freezing!
* * * LOW HITPOINT WARNING * * *
The wight freezes you.
* * * LOW HITPOINT WARNING * * *
The orc warrior hits you but does no damage.
An orc comes into view. It is wielding a +0 dagger.
You feel very mighty all of a sudden. The wight barely misses you.
You furiously retaliate!
You headbutt the wight!
You destroy the wight!
The orc warrior barely misses you.
The wight hits you with a +2 short sword.
* * * LOW HITPOINT WARNING * * *
You feel drained.
* * * LOW HITPOINT WARNING * * *
The wight barely misses you.
Your Axes skill increases to level 7!
You slice the wight!!
You destroy the wight!
You slash the wight! The wight hits you but does no damage.
A sky beast appears from thin air!
Reactivating autopickup.
The orc warrior hits you from afar with a +0 glaive!
You die...

###. ##..## #..
...[.# #.. .... #...
...########## #...
#..##..##...##
.##..§##)...........#
..o.ooY@..♣........##
..o>oo#z.....♣#.....#
.##.. ##............#
#. #....♣.##...## '.
#............# .#
#...........#####
#...........##...
#..##..##....#...
#..##.<##....#.>.


You could see an orc warrior, a sky beast, a wight and 5 orcs.

Vanquished Creatures
  A black bear (D:6)
  A phantom (D:5)
  A bullfrog (D:6)
  3 wights (D:6)
  2 jellies
  2 orc priests
  4 hounds
  3 iguanas (D:5)
  Natasha (thrice) (D:2)
  7 adders
  A shadow imp (D:6)
  2 ufetubi (D:6)
  6 worms
  3 dart slugs (D:1)
  15 orcs
  4 ball pythons
  6 bats
  11 endoplasms
  2 giant cockroaches
  8 goblins
  7 hobgoblins
  3 jackals (D:2)
  2 quokkas
  2 frilled lizards
  6 kobolds
  3 rats (D:2)
108 creatures vanquished.

Vanquished Creatures (others)
  8 demonic plants (D:6)
8 creatures vanquished.

Grand Total: 116 creatures vanquished

Notes
Turn   | Place    | Note
-------+----------+-------------------------------------------
     0 | D:1      | bmack86 the Minotaur Fighter began the quest for the Orb.
     0 | D:1      | Reached XP level 1. HP: 19/19 MP: 0/0
    41 | D:1      | Found Zofunism's Antique Weapon Shop.
   278 | D:1      | Reached XP level 2. HP: 27/27 MP: 1/1
   332 | D:1      | Found a faded altar of an unknown god.
   484 | D:1      | Reached skill level 3 in Axes
   494 | D:1      | Got Sif Muna's Enchiridion on Corpses and the Arsonist
   902 | D:2      | Reached XP level 3. HP: 33/33 MP: 2/2
   903 | D:2      | Noticed Natasha
   915 | D:2      | Killed Natasha
   983 | D:2      | Reached XP level 4. HP: 40/40 MP: 3/3
  1084 | D:2      | Reached skill level 4 in Axes
  1111 | D:2      | Noticed Natasha
  1116 | D:2      | Killed Natasha
  1122 | D:2      | Noticed Natasha
  1132 | D:2      | Killed Natasha
  1133 | D:2      | Reached XP level 5. HP: 35/47 MP: 4/4
  1831 | D:1      | Bought a glowing war axe for 162 gold pieces
  2634 | D:4      | Found Suyl's Assorted Antiques.
  2645 | D:4      | Found Ocaynwox's Magic Scroll Emporium.
  2645 | D:4      | Found Eturph's Antique Armour Emporium.
  2648 | D:4      | Found Risauh's Assorted Antiques.
  2659 | D:4      | Bought a notched emerald ring for 120 gold pieces
  2666 | D:4      | Bought a scroll labelled CIYCLE ISMUPP for 22 gold pieces
  2677 | D:4      | Identified the +1 leather armour "Jorereek" {rF+ rN+ Int-2
                  | Dex+3}
  2719 | D:4      | Found a basalt altar of Yredelemnul.
  2999 | D:5      | Entered Level 5 of the Dungeon
  3013 | D:5      | Noticed a phantom
  3022 | D:5      | Killed a phantom
  3023 | D:5      | Reached skill level 5 in Fighting
  3023 | D:5      | Reached skill level 5 in Axes
  3023 | D:5      | Reached skill level 5 in Shields
  3023 | D:5      | Reached XP level 6. HP: 51/56 MP: 1/5
  3040 | D:5      | Reached skill level 5 in Armour
  3096 | D:5      | Found Xuuqy's Assorted Antiques.
  3485 | D:5      | Reached XP level 7. HP: 49/61 MP: 5/6
  3686 | D:6      | Reached skill level 6 in Axes
  3696 | D:6      | Reached skill level 1 in Throwing
  3741 | D:6      | Identified the +1 ring mail "Pyegedos" {rElec rC+}
  3898 | D:5      | Bought a knobbly agate ring for 155 gold pieces
  3965 | D:6      | Reached skill level 7 in Axes
  3965 | D:6      | Mangled by an orc warrior

Illustrated notes

Levels and vault maps discovered:
D:1:      dpeg_arrival_central, layout_basic, serial_shops, shop,
          hellmonk_ecumenical_altar_heavens_door
D:2:      layout_loops_ring, kennysheep_nub, uniq_natasha
D:3:      layout_rooms, corexii_leaking_fountain
D:4:      layout_cave_pools, old_standard_altar,
          hangedman_abyss_or_decor_passed, minmay_shop_grid_forest,
          grunt_decor_clamped
D:5:      layout_loops_ring, serial_shops, nicolae_shop_stone
D:6:      layout_gridville, serial_demonic, serial_demonic_g, serial_demonic_f,
          serial_demonic_c, serial_demonic_f

Skill      XL: |  1  2  3  4  5  6  7 |
---------------+----------------------+-----
Axes           | 3 4 5 7 |  7.0
Armour         | 4 5 |  5.9
Fighting       | 4 5 |  5.9
Shields        | 4 5 |  5.9
Throwing       | 2 |  2.1

Action                     |  1- 3 |  4- 6 |  7- 9 || total
---------------------------+-------+-------+-------++-------
  Melee: War axe           |    48 |   116 |    31 ||   195
         Headbutt          |     4 |    17 |     3 ||    24
    Use: Scroll            |       |    13 |       ||    13
         Potion            |       |       |     1 ||     1
 Armour: Scale mail        |    24 |    65 |    34 ||   123
  Dodge: Dodged            |    28 |    60 |    35 ||   123
  Block: Buckler           |    21 |    30 |    12 ||    63

Table legend: (Time is in decaauts)
 A = Elapsed time spent in this place.
 B = Non-inter-level travel time spent in this place.
 C = Inter-level travel time spent in this place.
 D = Time resting spent in this place.
 E = Time spent auto-exploring this place.
 F = Levels seen in this place.
 G = Mean time per level.
                   A        B        C        D        E       F      G
               +--------+--------+--------+--------+--------+-----+--------+
         Total |   4034 |   3873 |    161 |      6 |   2700 |   6 |  672.3 |
       Dungeon |   4034 |   3873 |    161 |      6 |   2700 |   6 |  672.3 |
               +--------+--------+--------+--------+--------+-----+--------+

Top non-repeatable levels by time:
     D:2: 978 daAuts
     D:1: 939 daAuts
     D:5: 726 daAuts
     D:4: 644 daAuts
     D:3: 493 daAuts
     D:6: 252 daAuts
